Match 38357376
Unlisted

Match 38357376
End
Royal Engineer Section
Construct Section Command Post
Infantry Section
Infantry Section
Infantry Section
Construct Field Infirmary
ML 3-inch Mortar Team
Construct Platoon Command Post
6-pounder Anti-tank Gun Team
Construct Company Command Post
Matilda II Heavy Tank
Matilda II Heavy Tank
Selects Heavy Armor Battlegroup
Selects Light Vehicle Withdraw and Refit
Selects Radio Net
Selects Rigorous Vehicle Training
Selects Recon Artillery
Recon Artillery
Studano
Wrathment
0
0

Comments sign in to comment!

No comments posted yet!